SAAA
PORT ROYAL DISASTER @ SCRANTON SUPERNOVAS
08/21/2031
 
TOP OF THE 1ST
Port Royal Disaster batting - Pitching for Scranton Supernovas : RHP Osvaldo Garibe
Pitching: RHP Osvaldo Garibe
Batting: RHB Loren Stallings 0-0: Called Strike
0-1: Ball
1-1: Ball
2-1: Ground out U3 (Groundball, 23)
Batting: RHB Steve Bock 0-0: Ball
1-0: Ball
2-0: Foul Ball, location: 2F
2-1: Fly out, F7 (Flyball, 7S)
Batting: LHB Bob Daugherty 0-0: Called Strike
0-1: Ball
1-1: Foul Ball, location: 2F
1-2: Ball
2-2: Foul Ball, location: 2F
2-2: Foul Ball, location: 2F
2-2: Foul Ball, location: 2F
2-2: Ball
3-2: DOUBLE (Line Drive, 9LM)
Batting: RHB John Burton 0-0: Called Strike
0-1: Ground out 4-3 (Groundball, 34)
Top of the 1st over - 0 runs, 1 hit, 0 errors, 1 left on base; Port Royal 0 - Scranton 0
BOTTOM OF THE 1ST
Scranton Supernovas batting - Pitching for Port Royal Disaster : LHP Wilson Longoria
Pitching: LHP Wilson Longoria
Batting: RHB Jesús Guzmán 0-0: Ball
1-0: Ball
2-0: Ball
3-0: Called Strike
3-1: Swinging Strike
3-2: Foul Ball, location: 2F
3-2: Foul Ball, location: 2F
3-2: Base on Balls
Batting: RHB António Granados 0-0: Ball
Jesús Guzmán is caught stealing 2nd base
1-0: Called Strike
1-1: Ball
2-1: Ground out 4-3 (Groundball, 4S)
Batting: RHB Eddie Sachs 0-0: Ball
1-0: DOUBLE (Line Drive, 9LD)
Batting: RHB Senior Pond 0-0: Ball
1-0: Ball
2-0: Swinging Strike
2-1: Foul Ball, location: 2F
2-2: Foul Ball, location: 2F
2-2: Ball
3-2: Foul Ball, location: 2F
3-2: Fly out, F7 (Line Drive, 7D)
Bottom of the 1st over - 0 runs, 1 hit, 0 errors, 1 left on base; Port Royal 0 - Scranton 0
TOP OF THE 2ND
Port Royal Disaster batting - Pitching for Scranton Supernovas : RHP Osvaldo Garibe
Batting: RHB Wes Shannon 0-0: Ball
1-0: Called Strike
1-1: Ball
2-1: Foul Ball, location: 2F
2-2: Strikes out looking
Batting: SHB Arsenio Sameiro 0-0: Ball
1-0: Swinging Strike
1-1: Foul Ball, location: 2F
1-2: Strikes out swinging
Batting: RHB Jesús Ruano 0-0: Ball
1-0: Called Strike
1-1: Fly out, F7 (Flyball, 78S)
Top of the 2nd over - 0 runs, 0 hits, 0 errors, 0 left on base; Port Royal 0 - Scranton 0
BOTTOM OF THE 2ND
Scranton Supernovas batting - Pitching for Port Royal Disaster : LHP Wilson Longoria
Batting: LHB Tony Vega 0-0: Foul Ball, location: 2F
0-1: Ball
1-1: Ball
2-1: Ball
3-1: Base on Balls
Batting: RHB Brad Jacobson 0-0: Called Strike
0-1: SINGLE (Groundball, 56D)
Tony Vega to second
Batting: LHB Chase Popoff 0-0: Ball
Wild Pitch!
Tony Vega to third
Brad Jacobson to second
1-0: Foul Ball, location: 2F
1-1: Swinging Strike
1-2: Fly out, F7 (Flyball, 7D)
Runner from 3rd tags up, OUT at HOME
Brad Jacobson to third
Batting: LHB Juan Montés 0-0: Called Strike
0-1: DOUBLE (Line Drive, 89D)
Brad Jacobson scores
Batting: SHB Alonso Solís 0-0: SINGLE (Groundball, 34S) (infield hit)
Juan Montés to third
Batting: RHB Jesús Guzmán 0-0: Foul Ball, location: 2F
0-1: Ball
1-1: Called Strike
1-2: Ball
2-2: Ball
3-2: Base on Balls
Alonso Solís to second
Batting: RHB António Granados 0-0: Called Strike
0-1: Foul Ball, location: 2F
0-2: Ball
1-2: Ball
2-2: Reached on error, E5 (Groundball, 56S)
Juan Montés scores
Alonso Solís to third
Jesús Guzmán to second
Batting: RHB Eddie Sachs 0-0: Ball
1-0: Ball
2-0: Ball
3-0: Base on Balls
Alonso Solís scores
Jesús Guzmán to third
António Granados to second
Batting: RHB Senior Pond 0-0: Ball
1-0: Fly out, F7 (Flyball, 78S)
Bottom of the 2nd over - 3 runs, 3 hits, 1 error, 3 left on base; Port Royal 0 - Scranton 3
TOP OF THE 3RD
Port Royal Disaster batting - Pitching for Scranton Supernovas : RHP Osvaldo Garibe
Batting: SHB Aurelio Jiménez 0-0: Foul Ball, location: 2F
0-1: Fly out, F7 (Line Drive, 7)
Batting: LHB José Vázquez 0-0: Ground out 6-3 (Groundball, 56)
Batting: RHB Loren Stallings 0-0: Called Strike
0-1: Called Strike
0-2: Ball
1-2: Ball
2-2: Foul Ball, location: 2F
2-2: Ball
3-2: Foul Ball, location: 2F
3-2: Base on Balls
Batting: RHB Steve Bock 0-0: Ground out 4-3 (Groundball, 4)
Top of the 3rd over - 0 runs, 0 hits, 0 errors, 1 left on base; Port Royal 0 - Scranton 3
BOTTOM OF THE 3RD
Scranton Supernovas batting - Pitching for Port Royal Disaster : LHP Wilson Longoria
Batting: LHB Tony Vega 0-0: Foul Ball, location: 2F
0-1: Ball
1-1: SINGLE (Flyball, 78M)
Batting: RHB Brad Jacobson 0-0: Ball
1-0: Ball
2-0: Called Strike
2-1: Ball
3-1: Fly out, F7 (Flyball, 7LMF)
Batting: LHB Chase Popoff 0-0: Ball
Tony Vega is caught stealing 2nd base
1-0: Ground out 6-3 (Groundball, 6M)
Bottom of the 3rd over - 0 runs, 1 hit, 0 errors, 0 left on base; Port Royal 0 - Scranton 3
TOP OF THE 4TH
Port Royal Disaster batting - Pitching for Scranton Supernovas : RHP Osvaldo Garibe
Batting: LHB Bob Daugherty 0-0: Ball
1-0: Swinging Strike
1-1: Called Strike
1-2: Strikes out swinging
Batting: RHB John Burton 0-0: Called Strike
0-1: Called Strike
0-2: Foul Ball, location: 2F
0-2: SINGLE (Line Drive, 34)
Batting: RHB Wes Shannon 0-0: Called Strike
0-1: Called Strike
0-2: Grounds into double play, 5-4-3 (Groundball, 56)
Top of the 4th over - 0 runs, 1 hit, 0 errors, 0 left on base; Port Royal 0 - Scranton 3
BOTTOM OF THE 4TH
Scranton Supernovas batting - Pitching for Port Royal Disaster : LHP Wilson Longoria
Batting: LHB Juan Montés 0-0: Ball
1-0: Called Strike
1-1: Ball
2-1: Foul Ball, location: 2F
2-2: Foul Ball, location: 2F
2-2: Ground out 4-3 (Groundball, 4)
Batting: SHB Alonso Solís 0-0: Swinging Strike
0-1: Called Strike
0-2: Foul Ball, location: 2F
0-2: Ground out 6-3 (Groundball, 6)
Batting: RHB Jesús Guzmán 0-0: Swinging Strike
0-1: Foul Ball, location: 2F
0-2: Ground out 6-3 (Groundball, 6)
Bottom of the 4th over - 0 runs, 0 hits, 0 errors, 0 left on base; Port Royal 0 - Scranton 3
TOP OF THE 5TH
Port Royal Disaster batting - Pitching for Scranton Supernovas : RHP Osvaldo Garibe
Batting: SHB Arsenio Sameiro 0-0: Called Strike
0-1: Swinging Strike
0-2: Ball
1-2: SINGLE (Groundball, 34D)
Batting: RHB Jesús Ruano 0-0: Sac Bunt - play at first, batter OUT! 5-3
Arsenio Sameiro to second
Batting: SHB Aurelio Jiménez 0-0: Called Strike
0-1: Swinging Strike
0-2: SINGLE (Groundball, 6MD)
Arsenio Sameiro to third
Batting: LHB José Vázquez 0-0: Ball
1-0: Called Strike
Aurelio Jiménez is caught stealing 2nd base
1-1: Called Strike
1-2: Ball
2-2: Foul Ball, location: 2F
2-2: DOUBLE (Flyball, 8LD)
Arsenio Sameiro scores
Pitching: LHP Luis Ortíz
Batting: RHB Loren Stallings 0-0: Ground out 4-3 (Groundball, 4M)
Top of the 5th over - 1 run, 3 hits, 0 errors, 1 left on base; Port Royal 1 - Scranton 3
BOTTOM OF THE 5TH
Scranton Supernovas batting - Pitching for Port Royal Disaster : LHP Wilson Longoria
Pitching: RHP Fernando Varela
Batting: RHB António Granados 0-0: Ball
1-0: Foul Ball, location: 2F
1-1: Ball
2-1: Foul Ball, location: 2F
2-2: Ground out 5-3 (Groundball, 56)
Batting: RHB Eddie Sachs 0-0: Ball
1-0: Fly out, F9 (Line Drive, 89M)
Batting: RHB Senior Pond 0-0: Ball
1-0: Called Strike
1-1: Ball
2-1: Called Strike
2-2: Ground out 6-3 (Groundball, 6)
Bottom of the 5th over - 0 runs, 0 hits, 0 errors, 0 left on base; Port Royal 1 - Scranton 3
TOP OF THE 6TH
Port Royal Disaster batting - Pitching for Scranton Supernovas : LHP Luis Ortíz
Batting: RHB Steve Bock 0-0: Called Strike
0-1: Swinging Strike
0-2: Strikes out swinging
Batting: LHB Bob Daugherty 0-0: Called Strike
0-1: Swinging Strike
0-2: Ball
1-2: Strikes out swinging
Batting: RHB John Burton 0-0: Foul Ball, location: 2F
0-1: Ball
1-1: Ball
2-1: Fly out, F4 (Popup, 34)
Top of the 6th over - 0 runs, 0 hits, 0 errors, 0 left on base; Port Royal 1 - Scranton 3
BOTTOM OF THE 6TH
Scranton Supernovas batting - Pitching for Port Royal Disaster : RHP Fernando Varela
Batting: LHB Tony Vega 0-0: Called Strike
0-1: Called Strike
0-2: Ball
1-2: Ball
2-2: Ball
3-2: Ground out U3 (Groundball, 3)
Batting: RHB Brad Jacobson 0-0: Called Strike
0-1: Ball
1-1: Foul Ball, location: 2F
1-2: Foul Ball, location: 2F
1-2: Ball
2-2: Ground out 4-3 (Groundball, 34)
Batting: LHB Chase Popoff 0-0: Foul Ball, location: 2F
0-1: Foul Ball, location: 2F
0-2: Ball
1-2: Fly out, F9 (Flyball, 9D)
Bottom of the 6th over - 0 runs, 0 hits, 0 errors, 0 left on base; Port Royal 1 - Scranton 3
TOP OF THE 7TH
Port Royal Disaster batting - Pitching for Scranton Supernovas : LHP Luis Ortíz
Batting: RHB Wes Shannon 0-0: Foul Ball, location: 2F
0-1: Ball
1-1: Ground out 4-3 (Groundball, 34)
Batting: SHB Arsenio Sameiro 0-0: Ball
1-0: Foul Ball, location: 2F
1-1: Swinging Strike
1-2: SINGLE (Groundball, 6D)
Batting: RHB Jesús Ruano 0-0: Ball
1-0: SINGLE (Line Drive, 4MD)
Arsenio Sameiro to second
Batting: SHB Aurelio Jiménez 0-0: Ball
1-0: Called Strike
1-1: Ball
2-1: Fielders Choice at 2nd, 4-6 (Groundball, 34D)
Arsenio Sameiro to third
Pinch Hitting: RHB Domingo Bravo 0-0: Swinging Strike
0-1: Ball
1-1: Ground out 4-3 (Groundball, 4)
Top of the 7th over - 0 runs, 2 hits, 0 errors, 2 left on base; Port Royal 1 - Scranton 3
BOTTOM OF THE 7TH
Scranton Supernovas batting - Pitching for Port Royal Disaster : RHP Fernando Varela
Now at 2B: Phil Minor
Batting: LHB Juan Montés 0-0: Ball
1-0: Ground out 5-3 (Groundball, 56)
Batting: SHB Alonso Solís 0-0: Foul Ball, location: 2F
0-1: Ball
1-1: Swinging Strike
1-2: Foul Ball, location: 2F
1-2: Ball
2-2: Ball
3-2: Foul Ball, location: 2F
3-2: Foul Ball, location: 2F
3-2: SINGLE (Groundball, 34D)
Batting: RHB Jesús Guzmán 0-0: Ball
1-0: SINGLE (Groundball, 5S) (infield hit)
Alonso Solís to second
Batting: RHB António Granados 0-0: Called Strike
0-1: Ball
Wild Pitch!
Alonso Solís to third
Jesús Guzmán to second
1-1: Ball
2-1: Swinging Strike
2-2: Strikes out swinging
Batting: RHB Eddie Sachs 0-0: Fly out, F9 (Flyball, 9D)
Bottom of the 7th over - 0 runs, 2 hits, 0 errors, 2 left on base; Port Royal 1 - Scranton 3
TOP OF THE 8TH
Port Royal Disaster batting - Pitching for Scranton Supernovas : LHP Luis Ortíz
Batting: RHB Loren Stallings 0-0: Ball
1-0: Hit by Pitch
Batting: RHB Steve Bock 0-0: Foul Ball, location: 2F
0-1: Ball
1-1: Ball
2-1: Called Strike
2-2: Foul Ball, location: 2F
2-2: Grounds into double play, 6-4-3 (Groundball, 6)
Batting: LHB Bob Daugherty 0-0: Called Strike
0-1: Foul Ball, location: 2F
0-2: Ground out 4-3 (Groundball, 4)
Top of the 8th over - 0 runs, 0 hits, 0 errors, 0 left on base; Port Royal 1 - Scranton 3
BOTTOM OF THE 8TH
Scranton Supernovas batting - Pitching for Port Royal Disaster : RHP Fernando Varela
Batting: RHB Senior Pond 0-0: Called Strike
0-1: Called Strike
0-2: Foul Ball, location: 2F
0-2: Ball
1-2: Ball
2-2: SINGLE (Groundball, 6S) (infield hit)
Batting: LHB Tony Vega 0-0: Ball
1-0: Ball
2-0: Called Strike
2-1: Ball
3-1: Called Strike
3-2: Base on Balls
Senior Pond to second
Batting: RHB Brad Jacobson 0-0: Called Strike
0-1: Foul Ball, location: 2F
0-2: Ball
1-2: Strikes out swinging
Batting: LHB Chase Popoff 0-0: Fly out, F8 (Flyball, 8RXD)
Runner from 2nd tags up, SAFE at 3rd, no throw
Batting: LHB Juan Montés 0-0: Ball
1-0: Foul Ball, location: 2F
1-1: Ball
2-1: Foul Ball, location: 2F
2-2: Strikes out looking
Bottom of the 8th over - 0 runs, 1 hit, 0 errors, 2 left on base; Port Royal 1 - Scranton 3
TOP OF THE 9TH
Port Royal Disaster batting - Pitching for Scranton Supernovas : LHP Luis Ortíz
Pitching: RHP Victor Brey
Batting: RHB John Burton 0-0: Ball
1-0: Ball
2-0: Foul Ball, location: 2F
2-1: Called Strike
2-2: Strikes out swinging
Batting: RHB Wes Shannon 0-0: Ground out 5-3 (Groundball, 56)
Batting: SHB Arsenio Sameiro 0-0: Foul Ball, location: 2F
0-1: Ground out 4-3 (Groundball, 4)
Top of the 9th over - 0 runs, 0 hits, 0 errors, 0 left on base; Port Royal 1 - Scranton 3
Tuesday, June 12th, 2018 - OOTP Baseball 18.8 Build 76